 Dungeon Crawl Stone Soup version 0.29.0-4-gdea44cf6ec (webtiles) character file.

Game seed: 13726794056722718422

93 qw the Chopper (level 4, -2/26 HPs)
             Began as a Tengu Warper on Aug 28, 2022.
             Succumbed to Terence's poison
             ... on level 3 of the Dungeon.
             The game lasted 00:00:13 (2350 turns).

qw the Chopper (Tengu Warper)                       Turns: 2350, Time: 00:00:14

Health: -2/26      AC:  8    Str: 14    XL:     4   Next: 61%
Magic:  8/8        EV:  6    Int: 13    God:
Gold:   107        SH:  0    Dex: 13    Spells: 7/7 levels left

rFire   . . .      SeeInvis .   Y - +0 hand axe
rCold   . . .      Faith    .   (no shield)
rNeg    . . .      Spirit   .   e - +0 chain mail
rPois   .          Reflect  .   (helmet restricted)
rElec   .          Harm     .   (no cloak)
rCorr   .          Rampage  .   (no gloves)
Will    .....                   (boots unavailable)
Stlth   ..........              (no amulet)
HPRegen 0.08/turn               (no ring)
MPRegen 0.11/turn               (no ring)

@: lethally poisoned (-2 -> -29)
A: beak, talons 3
a: no special abilities


You were on level 3 of the Dungeon.
You visited 1 branch of the dungeon, and saw 3 of its levels.

You collected 107 gold pieces.


Innate Abilities, Weirdness & Mutations

You have a beak for a mouth.
You have claws for feet.


   Skills:
 - Level 2.0 Fighting
 + Level 5.1 Axes
 - Level 1.0 Throwing
 - Level 1.1 Armour
 - Level 2.1 Dodging
 - Level 2.0 Spellcasting
 - Level 2.4 Translocations


You had 7 spell levels left.
You didn't know any spells.
Your spell library contained the following spells:

 Spells                   Type           Power      Damage    Failure   Level
 Blink                    Tloc           14%        N/A       99%         2
 Gell's Gravitas          Tloc           7%         N/A       100%        3
 Lesser Beckoning         Tloc           7%         N/A       100%        3
 Teleport Other           Tloc           7%         N/A       100%        3
 Manifold Assault         Tloc           7%         N/A       100%        5

Inventory:

Hand Weapons
 f - a +0 whip
 Y - a +0 hand axe (weapon)
Armour
 e - a +0 chain mail (worn)
Jewellery
 b - an amulet of regeneration
Potions
 a - a potion of mutation {unknown}
 c - a potion of attraction {unknown}

Dungeon Overview and Level Annotations

Branches:
Dungeon (3/15)

Altars:
The Shining One

Annotations:
D:3 Terence


Message History

You hit the ball python.
You kill the ball python!
You start resting.
HP restored.
You enter the shallow water.
Moving in this stuff is going to be slow.
Terence the Incautious comes into view.
He is wielding a +2 short sword of venom.
Terence shouts!
A dart slug comes into view.
Enter note: You hit Terence but do no damage.
Your kick misses Terence. Terence hits you but does no damage.
You closely miss Terence. Your kick misses Terence.
Terence hits you with a +2 short sword of venom.
You hit Terence but do no damage. You claw Terence!
You peck Terence, but do no damage.
Terence is moderately wounded.
Terence barely misses you.
You hit Terence but do no damage.
Terence is moderately wounded.
Terence hits you with a +2 short sword of venom.
You are poisoned.
You slash Terence! Your peck misses Terence.
Terence is severely wounded.
You feel very sick. Terence hits you but does no damage.
You are lethally poisoned!
You hit Terence. You claw Terence, but do no damage. Your peck misses Terence.
Terence is almost dead.
You feel very sick.
Terence hits you with a +2 short sword of venom.
You are more poisoned.
You hit Terence but do no damage. You peck Terence, but do no damage.
Terence is almost dead.
You feel very sick.
Terence hits you with a +2 short sword of venom.
You are more poisoned.
You hit Terence.
Terence is almost dead.
You die...

.........#.. #.. ##
.~###...#.. #.. . #
#...#..... #.. .
#~~#.}.#..#.. #..#.
.#~~#...#.####
#...###~~~~###..#
#..w..~~~~~~....#
#.@..~~~~~~....#
#.@###~~~~###..####
#.#...#~~#..%#.....
#.#.}.#~~#.}.#.#.##
#.#...#~~#...#...#
#..###~..~###..#.#
#..............#.#
####.............#
###############


You could see Terence and a dart slug.

Vanquished Creatures
  2 adders (D:3)
  5 dart slugs
  5 endoplasms
  2 giant cockroaches
  3 goblins
  5 hobgoblins
  11 jackals
  6 kobolds
  9 ball pythons
  4 bats
  A frilled lizard (D:1)
  5 rats
58 creatures vanquished.

Vanquished Creatures (others)
  3 plants (D:1)
3 creatures vanquished.

Grand Total: 61 creatures vanquished

Notes
Turn   | Place    | Note
-------+----------+-------------------------------------------
     0 | D:1      | qw the Tengu Warper began the quest for the Orb.
     0 | D:1      | Reached XP level 1. HP: 12/12 MP: 4/4
     0 | D:1      | 0 ||| qw: Version: 0.1-a-89-g26bdef1
     0 | D:1      | 0 ||| qw: Game counter: 814
     0 | D:1      | 0 ||| qw: Always use a shield: true
     0 | D:1      | 0 ||| qw: God list: Okawaru
     0 | D:1      | 0 ||| qw: Allow faded altars: false
     0 | D:1      | 0 ||| qw: Do Orc after D:15 true
     0 | D:1      | 0 ||| qw: Do second Lair branch before Depths: true
     0 | D:1      | 0 ||| qw: Lair rune preference: random
     0 | D:1      | 0 ||| qw: Plans: Normal
     0 | D:1      | 0 ||| PLANNING D:1-11
    25 | D:1      | 25 ||| Stepping ~*~*~tactically~*~*~ (stealth).
    88 | D:1      | Reached XP level 2. HP: 17/17 MP: 6/6
    92 | D:1      | Found a faded altar of an unknown god.
    97 | D:1      | 97 ||| Stepping ~*~*~tactically~*~*~ (hiding).
   199 | D:1      | 199 ||| Stepping ~*~*~tactically~*~*~ (hiding).
   201 | D:1      | 201 ||| Stepping ~*~*~tactically~*~*~ (hiding).
   210 | D:1      | Reached skill level 3 in Axes
   441 | D:1      | 441 ||| Stepping ~*~*~tactically~*~*~ (stealth).
   442 | D:1      | 442 ||| Stepping ~*~*~tactically~*~*~ (stealth).
   445 | D:1      | 445 ||| Stepping ~*~*~tactically~*~*~ (stealth).
   447 | D:1      | 447 ||| Stepping ~*~*~tactically~*~*~ (stealth).
   455 | D:1      | 455 ||| Stepping ~*~*~tactically~*~*~ (stealth).
   461 | D:1      | Reached XP level 3. HP: 17/21 MP: 7/7
   514 | D:1      | 514 ||| Stepping ~*~*~tactically~*~*~ (stealth).
   520 | D:1      | 520 ||| Stepping ~*~*~tactically~*~*~ (stealth).
   533 | D:1      | 533 ||| Stepping ~*~*~tactically~*~*~ (stealth).
   536 | D:1      | 536 ||| Stepping ~*~*~tactically~*~*~ (stealth).
   537 | D:1      | 537 ||| Stepping ~*~*~tactically~*~*~ (stealth).
   577 | D:1      | 577 ||| Stepping ~*~*~tactically~*~*~ (stealth).
   579 | D:1      | 579 ||| Stepping ~*~*~tactically~*~*~ (stealth).
   723 | D:1      | 723 ||| Stepping ~*~*~tactically~*~*~ (stealth).
   824 | D:1      | Reached skill level 4 in Axes
   958 | D:1      | 958 ||| DROPPING +0 club.
  1038 | D:1      | 1038 ||| Stepping ~*~*~tactically~*~*~ (hiding).
  1041 | D:1      | 1041 ||| Stepping ~*~*~tactically~*~*~ (hiding).
  1239 | D:1      | 1239 ||| UPGRADING to +0 chain mail.
  1249 | D:1      | 1249 ||| DROPPING +0 leather armour.
  1250 | D:1      | 1250 ||| READING scroll labelled NOFEECZEUCW.
  1251 | D:1      | 1251 ||| DRINKING 2 murky sapphire potions.
  1296 | D:1      | 1296 ||| DROPPING scroll of blinking.
  1297 | D:1      | 1297 ||| DROPPING potion of lignification.
  1304 | D:2      | 1304 ||| STAIRDANCE
  1310 | D:2      | 1310 ||| STAIRDANCE
  1415 | D:2      | 1415 ||| Stepping ~*~*~tactically~*~*~ (hiding).
  1587 | D:2      | 1587 ||| Stepping ~*~*~tactically~*~*~ (stealth).
  1619 | D:2      | 1619 ||| Stepping ~*~*~tactically~*~*~ (stealth).
  1620 | D:2      | 1620 ||| Stepping ~*~*~tactically~*~*~ (stealth).
  1654 | D:2      | Reached XP level 4. HP: 25/26 MP: 8/8
  1949 | D:2      | 1949 ||| Stepping ~*~*~tactically~*~*~ (stealth).
  1950 | D:2      | 1950 ||| Stepping ~*~*~tactically~*~*~ (stealth).
  1998 | D:2      | 1998 ||| Stepping ~*~*~tactically~*~*~ (stealth).
  2190 | D:2      | 2190 ||| READING scroll labelled KURUHUYWKE.
  2202 | D:3      | Found a glowing golden altar of the Shining One.
  2218 | D:3      | Reached skill level 5 in Axes
  2342 | D:3      | Noticed Terence
  2349 | D:3      | HP: 6/26 [poisoned by Terence]
  2350 | D:3      | Succumbed to Terence's poison

Levels and vault maps discovered:
D:1:      lightli_arrival_quake, layout_basic,
          hellmonk_ecumenical_altar_pennies_from_heaven,
          minmay_shallow_snake_nest
D:2:      layout_loops_cross
D:3:      gammafunk_steamed_eel, layout_basic, mainiacjoe_overflow_catwalk,
          lemuel_tele_altar, mainiacjoe_overflow_concentric_impassable,
          serial_shops, shop, fountainhead, wad_floor_pattern_1, uniq_sigmund,
          uniq_terence

Skill      XL: |  1  2  3  4 |
---------------+-------------+-----
Axes           | 3 4 5 |  5.1
Fighting       | |  2.0
Throwing       | |  1.0
Armour         | |  1.1
Dodging        | |  2.1
Spellcasting   | |  2.0
Translocations | |  2.4

Action                   |  1- 3 |  4- 6 || total
-------------------------+-------+-------++-------
Melee: Hand axe          |    91 |    47 ||   138
       Peck              |    13 |     6 ||    19
       Kick              |    25 |     9 ||    34
Throw: Boomerang         |     7 |       ||     7
  Use: Scroll            |     1 |     1 ||     2
       Potion            |     1 |       ||     1
Armor: Leather armour    |    14 |       ||    14
       Chain mail        |    24 |    27 ||    51
Dodge: Dodged            |    42 |    16 ||    58

Table legend:
 A = Non-vault XP
 B = Vault XP
 C = Vault XP percentage of total XP
 D = Non-vault monster count
 E = Vault monster count
 F = Vault count percentage of total count
                 A         B        C        D         E       F
            +---------+---------+-------+---------+---------+-------
      Total |     127 |       6 |   4.5 |      54 |       4 |   6.9
            +---------+---------+-------+---------+---------+-------
        D:1 |      59 |       6 |   9.2 |      29 |       4 |  12.1
        D:2 |      38 |       0 |   0.0 |      21 |       0 |   0.0
        D:3 |      30 |       0 |   0.0 |       4 |       0 |   0.0
            +---------+---------+-------+---------+---------+-------
